 Dungeon Crawl Stone Soup version 0.29.1-2-gbd0b4ee654 (webtiles) character file.

Game seed: 11463750731019269929

24 zeram the Caller (level 2, -1/24 HPs)
             Began as a Troll Summoner on Nov 3, 2022.
             Slain by an adder (2 damage)
             ... on level 2 of the Dungeon.
             The game lasted 00:02:00 (879 turns).

zeram the Caller (Troll Summoner)                    Turns: 879, Time: 00:02:00

Health: -1/24      AC:  4    Str: 18    XL:     2   Next: 79%
Magic:  1/2        EV: 10    Int:  9    God:
Gold:   42         SH:  0    Dex: 13    Spells: 2/3 levels left

rFire   . . .      SeeInvis .   d - +0 club
rCold   . . .      Faith    .   (no shield)
rNeg    . . .      Spirit   .   a - +0 robe
rPois   +          Reflect  .   (helmet restricted)
rElec   .          Harm     .   (no cloak)
rCorr   .          Rampage  .   (gloves unavailable)
Will    .....                   (boots unavailable)
Stlth   ++........              (no amulet)
HPRegen 0.88/turn               (no ring)
MPRegen 0.08/turn               (no ring)

@: no status effects
A: large, unfitting armour, claws 3, regeneration 1, shaggy fur 1, tough skin 1,
agile 1, poison resistance, strong 1
a: no special abilities


You were on level 2 of the Dungeon.
You visited 1 branch of the dungeon, and saw 2 of its levels.

You collected 42 gold pieces.

Inventory:

Hand Weapons
 d - a +0 club (weapon)
Armour
 a - a +0 robe (worn)
Scrolls
 e - 2 scrolls of noise
Potions
 b - a potion of magic


   Skills:
 + Level 1.0 Maces & Flails
 + Level 1.7 Dodging
 - Level 1.0 Stealth
 + Level 1.2 Spellcasting
 + Level 3.4 Summonings


You had 2 spell levels left.
You knew the following spells:

 Your Spells              Type           Power      Damage    Failure   Level
a - Summon Small Mammal   Summ           24%        N/A       9%          1

Your spell library contained the following spells:

 Spells                   Type           Power      Damage    Failure   Level
 Call Imp                 Summ           6%         N/A       14%         2
 Beastly Appendage        Tmut           0%         N/A       36%         1
 Wereblood                Tmut           0%         N/A       50%         2
 Call Canine Familiar     Summ           6%         N/A       26%         3
 Summon Guardian Golem    Hex/Summ       3%         N/A       47%         3
 Portal Projectile        Hex/Tloc       0%         N/A       73%         3
 Spider Form              Tmut/Pois      0%         N/A       73%         3
 Tukima's Dance           Hex            0%         N/A       73%         3
 Summon Lightning Spire   Summ/Air       3%         N/A       87%         4
 Blade Hands              Tmut           0%         N/A       100%        5


Dungeon Overview and Level Annotations

Branches:
Dungeon (2/15)

Altars:


Innate Abilities, Weirdness & Mutations

You are too large for most types of armour.
You have claws for hands.
Your natural rate of healing is unusually fast.
You are covered in fur. (AC +1)
You have tough skin. (AC +1)
You are agile. (Dex +4, Str/Int -1)
Your system is resistant to poisons. (rPois)
Your muscles are strong. (Str +4, Int/Dex -1)


Message History

You hit the adder but do no damage.
The adder is heavily wounded.
The adder bites you but does no damage. The adder bites you.
You are poisoned.
The adder poisons you!
You barely miss the adder.
The adder is heavily wounded.
You feel sick. The adder bites you.
You are more poisoned.
The adder poisons you! The adder closely misses you.
You miss the adder.
The adder is heavily wounded.
You feel sick. The adder barely misses you.
You hit the adder.
The adder is heavily wounded.
You feel sick. The adder bites you. x2
You are too injured to fight recklessly!
You are too injured to fight recklessly!
You are too injured to fight recklessly!
You are too injured to fight recklessly!
Casting: Summon Small Mammal (safe; 8% risk of failure)
Confirm with . or Enter, or press ? or * to list all spells.
You feel sick. The adder closely misses you.
You swap places.
You feel sick. The adder bites your rat.
Your rat bites the adder.
You feel sick.
Your rat completely misses the adder.
You hit the adder.
The adder is severely wounded.
You feel sick. The adder bites you.
* * * LOW HITPOINT WARNING * * *
The adder bites you.
* * * LOW HITPOINT WARNING * * *
Your rat misses the adder.
Really quaff the potion of mutation?
You feel extremely strange.
You feel agile.
You feel stronger.
You feel resistant to poisons.
You feel sick.
You are no longer poisoned.
The adder bites you.
You die...

#. .. ##.. ..... ...
....# ####.####....# .#
...........# #.#.######
#.........# ###.#.#....#
#.........#
..#.#.#.##.###..@S.....#
..#.#.#..........r.<#..#
..#.#.#..#.####.#####
.<#.#.#..#.# #.#
....#.#..#.# ...
.......###.#.##.##
#####.........#$#
#..............
#.#.#.......>..


You could see an adder (ally target) and a friendly rat (summoned).

Vanquished Creatures
  2 dart slugs (D:1)
  A giant cockroach (D:1)
  A goblin (D:1)
  3 hobgoblins (D:1)
  3 jackals (D:1)
  4 kobolds (D:1)
  2 frilled lizards (D:1)
  A rat (D:1)
17 creatures vanquished.

Notes
Turn   | Place    | Note
-------+----------+-------------------------------------------
     0 | D:1      | zeram the Troll Summoner began the quest for the Orb.
     0 | D:1      | Reached XP level 1. HP: 16/16 MP: 1/1
    51 | D:1      | Reached skill level 3 in Summonings
   256 | D:1      | Reached XP level 2. HP: 24/24 MP: 2/2
   598 | D:1      | Reached skill level 1 in Maces & Flails
   878 | D:2      | HP: 1/24 [adder (3)]
   879 | D:2      | Gained mutation: You are agile. (Dex +4, Str/Int -1)
                  | [potion of mutation]
   879 | D:2      | Gained mutation: Your muscles are strong. (Str +4, Int/Dex
                  | -1) [potion of mutation]
   879 | D:2      | Gained mutation: Your system is resistant to poisons.
                  | (rPois) [potion of mutation]
   879 | D:2      | Slain by an adder

Illustrated notes

Levels and vault maps discovered:
D:1:      lightli_arrival_chessboard, layout_basic,
          amcnicky_mini_corridor_feature
D:2:      layout_basic, basic_altar, hellmonk_ecumenical_altar_crossroads,
          serial_bayou_pond_c

Skill      XL: |  1  2 |
---------------+-------+-----
Summonings     | 3 |  3.4
Maces & Flails | 1 |  1.0
Dodging        | |  1.7
Stealth        | |  1.0
Spellcasting   | |  1.2

Action                   || total
-------------------------++-------
Melee: Club              ||   112
       Unarmed           ||     6
 Cast: Summon Small Mamm ||     1
  Use: Scroll            ||     4
       Potion            ||     1
 Stab: Sleeping          ||     1
Armor: Robe              ||    74
Dodge: Dodged            ||    87
